 Dungeon Crawl Stone Soup version 0.21.1-1-g345015fe64 (webtiles) character file.

1064 LisaTheBanana the Poker (level 8, -7/64 HPs)
             Began as a Formicid Fighter on Apr 8, 2018.
             Mangled by Snorg (16 damage)
             ... on level 14 of the Dungeon.
             The game lasted 00:15:45 (2849 turns).

LisaTheBanana the Poker (Formicid Fighter)          Turns: 2849, Time: 00:15:46

Health: -7/64      AC:  7    Str: 20    XL:     8   Next: 52%
Magic:  8/8        EV:  9    Int:  9    God:
Gold:   124        SH: 10    Dex: 12    Spells: 7/7 levels left

rFire    . . .     SeeInvis +   a - +0 trident
rCold    . . .     Gourm    .   c - +0 shield
rNeg     . . .     Faith    .   b - +0 scale mail
rPois    .         Spirit   .   (helmet unavailable)
rElec    .         Reflect  .   (no cloak)
rCorr    .         Harm     .   (no gloves)
MR       .....                  (no boots)
Stlth    ..........             (no amulet)
HPRegen  0.20/turn              (no ring)
MPRegen  0.11/turn              (no ring)

@: no status effects
A: permanent stasis, dig shafts and tunnels, four strong arms, antennae 3
a: Dig, Shaft Self


You were on level 14 of the Dungeon.
You were not hungry.

You visited 1 branch of the dungeon, and saw 7 of its levels.

You collected 124 gold pieces.

Inventory:

Hand Weapons
 a - a +0 trident (weapon)
Armour
 b - a +0 scale mail (worn)
 c - a +0 shield (worn)
Jewellery
 j - a cursed ring of loudness {unknown}
Scrolls
 e - 3 scrolls of remove curse {unknown}
 g - 3 scrolls of teleportation {unknown}
 h - a scroll of blinking {unknown}
 i - 2 scrolls of identify {unknown}
 l - a scroll of random uselessness {unknown}
 m - a scroll of magic mapping {unknown}
 p - a scroll of summoning {unknown}
Potions
 k - a potion of lignification {unknown}
 n - a potion of agility {unknown}
 o - 2 potions of degeneration {unknown}
Books
 d - a book of Cantrips

   Spells                             Type                      Level
   a - Confusing Touch                Hexes                        1
   b - Animate Skeleton               Necromancy                   1
   c - Summon Small Mammal            Summoning                    1
   d - Apportation                    Translocation                1
Comestibles
 f - 6 rations


   Skills:
 + Level 5.6 Fighting
 + Level 6.2 Polearms
 + Level 5.5 Armour
 + Level 1.3 Dodging
 + Level 0.6 Stealth
 + Level 5.8 Shields


You had 7 spell levels left.
You didn't know any spells.

Dungeon Overview and Level Annotations

Branches:
Dungeon (10/15)
 Temple: D:4-7         Lair: D:8-11         Orc: D:9-12

Altars:
Ashenzari
The Shining One

Annotations:
D:4 Sigmund
D:7 Joseph
D:14 Snorg


Innate Abilities, Weirdness & Mutations

You cannot be hasted, slowed, berserked, paralysed or teleported.
You can dig through walls and to a lower floor.
Your four strong arms can wield two-handed weapons with a shield.
You have a pair of large antennae on your head. (SInv)


Message History

You fall through a shaft!
The shaft crumbles and collapses.
Snorg the Insatiable comes into view.
Snorg shouts!
You barely miss Snorg. Snorg closely misses you. You block Snorg's attack. x2
You hit Snorg.
Snorg is lightly wounded.
You block Snorg's attack. Snorg claws you! x2
You closely miss Snorg.
Snorg is lightly wounded.
Snorg goes berserk!
You puncture Snorg!
Snorg is lightly wounded.
Snorg bites you!!
* * * LOW HITPOINT WARNING * * *
Snorg claws you but does no damage. Snorg barely misses you.
Snorg bites you but does no damage. Snorg claws you.
* * * LOW HITPOINT WARNING * * *
Snorg claws you!
You die...

################
#......T@......#
♣##...########.#
P≈..... #...
P♣..... ......
#####T #####...
#. .# .. # ..


You could see Snorg (berserk).

Vanquished Creatures
  The ghost of terminal the Sneak, an amateur KoAs (D:4)
  An ice beast (D:13)
  An ogre (D:4)
  2 phantoms
  A centaur (D:7)
  A bullfrog (D:10)
  A water moccasin skeleton (D:7)
  2 howler monkeys (D:7)
  2 hounds (D:10)
  2 worker ants
  8 gnolls
  5 adders
  A worm (D:4)
  2 dart slugs (D:1)
  A leopard gecko (D:2)
  2 orcs (D:10)
  3 bats
  A giant cockroach (D:1)
  5 goblins
  2 hobgoblins
  A ball python (D:1)
  2 frilled lizards
  4 kobolds (D:1)
  2 rats (D:1)
53 creatures vanquished.

Notes
Turn   | Place    | Note
-------+----------+-------------------------------------------
     0 | D:1      | LisaTheBanana the Formicid Fighter began the quest for the Orb.
     0 | D:1      | Reached XP level 1. HP: 18/18 MP: 1/1
    80 | D:1      | Reached XP level 2. HP: 19/24 MP: 2/2
   428 | D:1      | Reached XP level 3. HP: 29/29 MP: 3/3
   593 | D:1      | You fall through a shaft!
   603 | D:2      | Found a glowing golden altar of the Shining One.
   660 | D:2      | Reached XP level 4. HP: 20/36 MP: 4/4
   663 | D:2      | Reached skill level 3 in Polearms
  1316 | D:2      | You fall through a shaft for 2 floors!
  1330 | D:4      | Found a shattered altar of Ashenzari.
  1335 | D:4      | Noticed terminal's ghost (amateur KoAs)
  1383 | D:4      | Killed terminal's ghost
  1383 | D:4      | Reached skill level 4 in Polearms
  1383 | D:4      | Reached XP level 5. HP: 36/42 MP: 5/5
  1383 | D:4      | Reached XP level 6. HP: 41/48 MP: 6/6
  1407 | D:4      | Noticed an ogre
  1416 | D:4      | Killed an ogre
  1416 | D:4      | Reached skill level 5 in Shields
  1511 | D:4      | Reached XP level 7. HP: 38/55 MP: 7/7
  1524 | D:4      | Noticed Sigmund
  1529 | D:4      | You fall through a shaft for 3 floors!
  1835 | D:7      | Reached skill level 5 in Fighting
  1899 | D:7      | Reached skill level 5 in Polearms
  1899 | D:7      | Reached skill level 1 in Dodging
  1922 | D:7      | Reached skill level 5 in Armour
  1995 | D:7      | Noticed Joseph
  2006 | D:7      | HP: 2/56 [Joseph/sling bullet (14)]
  2010 | D:7      | You fall through a shaft for 3 floors!
  2010 | D:10     | Entered Level 10 of the Dungeon
  2247 | D:10     | Reached XP level 8. HP: 45/62 MP: 8/8
  2677 | D:10     | Reached skill level 6 in Polearms
  2710 | D:10     | Noticed an unseen horror
  2714 | D:10     | You fall through a shaft for 3 floors!
  2825 | D:13     | Noticed a shadow
  2831 | D:13     | You fall through a shaft!
  2839 | D:14     | Noticed Snorg
  2849 | D:14     | Mangled by Snorg

Skill      XL: |  1  2  3  4  5  6  7  8 |
---------------+-------------------------+-----
Shields        | 4 5 |  5.8
Polearms       | 4 5 6 |  6.2
Armour         | 4 5 |  5.5
Fighting       | 4 5 |  5.6
Dodging        | 1 |  1.3
Stealth        | |  0.6

Action                   |  1- 3 |  4- 6 |  7- 9 || total
-------------------------+-------+-------+-------++-------
Melee: Trident           |    63 |    94 |   188 ||   345
 Abil: Shaft Self        |     1 |     1 |     4 ||     6
  Use: Potion            |     1 |       |       ||     1
  Eat: Ration            |       |     1 |     2 ||     3
       Chunk             |       |     1 |       ||     1
Armor: Scale mail        |    20 |    46 |    40 ||   106
Dodge: Dodged            |    22 |    24 |    47 ||    93
Block: Shield            |    39 |    47 |    72 ||   158
